 Seeded DCSS version 0.32-a0-996-gb3226c233f (webtiles) character file.

Game seed: 202404231 (custom seed)

96173 Orlauf the Severer (level 15, -3/131 HPs)
             Began as a Demonspawn Gladiator on Apr 23, 2024.
             Was an Elder of Uskayaw.
             Slain by a manticore (5 damage)
             ... on level 13 of the Dungeon.
             The game lasted 00:39:24 (25878 turns).

Orlauf the Severer (Demonspawn Gladiator)          Turns: 25878, Time: 00:39:24

Health: -3/131     AC: 22    Str: 21    XL:     15   Next: 68%
Magic:  26/26      EV:  7    Int:  9    God:    Uskayaw [****..]
Gold:   3266       SH:  0    Dex: 15    Spells: 14/14 levels left

rFire   . . .        a - +2 executioner's axe (freeze)
rCold   + . .        (shield currently unavailable)
rNeg    . . .        n - +1 plate armour {rPois}
rPois   +            (helmet unavailable)
rElec   .            h - +2 cloak
rCorr   .            D - +2 pair of gloves
SInv    +            (no boots)
Will    +....        (no amulet) Stlth
                     j - ring of protection from cold
HPRegen 0.41/turn    g - ring of flight
MPRegen 0.20/turn

%: no passive effects
@: flying
A: antennae 3, hooves 1, ignite blood 3, spiny 1, demonic touch 2
a: Renounce Religion, Stomp, Line Pass


You were on level 13 of the Dungeon.
You worshipped Uskayaw.
Uskayaw was pleased with you.
You visited 4 branches of the dungeon, and saw 21 of its levels.
You also visited: Sewer and Ice Cave.

You collected 3585 gold pieces.
You spent 319 gold pieces at shops.

Inventory:

Hand Weapons
 a - a +2 executioner's axe of freezing (weapon)
 b - a +1 hand axe of flaming
 E - the +6 hand cannon of Woxkit {speed, rElec Int+2}
   (You found it on level 5 of the Lair of Beasts)

   Int+2:     It affects your intelligence (+2).
   rElec:     It insulates you from electricity.
 V - a +0 battleaxe
 W - a +1 battleaxe of freezing
Missiles
 d - 6 throwing nets
 m - 44 poisoned darts
 P - 7 curare-tipped darts
Armour
 h - a +2 cloak (worn)
 n - a +1 plate armour of poison resistance (worn)
 D - a +2 pair of gloves (worn)
 L - a +5 plate armour of ponderousness
 M - +0 swamp dragon scales
 X - a +2 plate armour of cold resistance
Jewellery
 g - a ring of flight (right hand)
 j - a ring of protection from cold (left hand)
 F - a ring of positive energy
 G - a +5 ring of evasion
 J - a +6 ring of strength
 O - a ring of positive energy
Wands
 e - a wand of mindburst (7)
 l - a wand of polymorph (12)
 p - a wand of warping (10) (quivered)
 C - a wand of quicksilver (9)
 I - a wand of paralysis (17)
 Q - a wand of digging (6)
 T - a wand of flame (8)
Scrolls
 c - a scroll of poison
 o - a scroll of revelation
 t - a scroll of amnesia
 u - a scroll of immolation
 v - 7 scrolls of teleportation
 w - 4 scrolls of vulnerability
 y - 7 scrolls of enchant weapon
 H - 2 scrolls of fog
 R - a scroll of enchant armour
Potions
 f - 2 potions of invisibility
 i - 3 potions of curing
 k - 5 potions of mutation
 q - 5 potions of brilliance
 s - 2 potions of ambrosia
 x - 2 potions of haste
 z - a potion of might
 A - 5 potions of resistance
 S - 3 potions of enlightenment
 U - 4 potions of attraction {unknown}
 Y - a potion of lignification
Miscellaneous
 N - a lightning rod (4/4)


   Skills:
 - Level 16.2 Fighting
 * Level 16.7 Axes
 - Level 1.7 Throwing
 + Level 9.6 Armour
 - Level 2.6 Dodging
 + Level 14.7 Invocations


You had 14 spell levels left.
You didn't know any spells.
Your spell library contained the following spells:

 Spells                   Type           Power      Damage    Failure   Level
 Freeze                   Ice            0%         1d3       99%         1
 Magic Dart               Conj           0%         1d3       99%         1
 Summon Small Mammal      Summ           0%         N/A       99%         1
 Call Imp                 Summ           0%         N/A       100%        2
 Searing Ray              Conj           0%         2d4       100%        2
 Sublimation of Blood     Necr           0%         N/A       100%        2
 Call Canine Familiar     Summ           0%         N/A       100%        3
 Dazzling Flash           Conj/Hex       0%         N/A       100%        3
 Fugue of the Fallen      Necr           0%         N/A       100%        3
 Hailstorm                Conj/Ice       0%         3d5       100%        3
 Inner Flame              Hex/Fire       0%         N/A       100%        3
 Ozocubu's Armour         Ice            0%         N/A       100%        3
 Summon Ice Beast         Ice/Summ       0%         N/A       100%        3
 Tukima's Dance           Hex            0%         N/A       100%        3
 Volatile Blastmotes      Fire/Tloc      0%         2d10      100%        3
 Animate Armour           Summ/Erth      0%         N/A       100%        4
 Dimensional Bullseye     Hex/Tloc       0%         N/A       100%        4
 Flame Wave               Conj/Fire      0%         2d4       100%        4
 Fulminant Prism          Conj/Alch      0%         3d5       100%        4
 Iskenderun's Mystic Bla Conj/Tloc 0%             2d3        (+2d1     100%        4
 Sticky Flame             Fire/Alch      0%         2d4       100%        4
 Summon Blazeheart Golem  Fire/Summ      0%         N/A       100%        4
 Vhi's Electric Charge    Tloc/Air       0%         N/A       100%        4
 Lee's Rapid Deconstruct  Erth           0%         3d4*      100%        5
 Gell's Gavotte           Tloc           0%         2d(11-16) 100%        6
 Permafrost Eruption      Ice/Erth       0%         2x4d1     100%        6
 Sculpt Simulacrum        Ice/Alch       0%         N/A       100%        6
 Starburst                Conj/Fire      0%         6d3       100%        6
 Magnavolt                Erth/Air       0%         3d9       100%        7
 Manifold Assault         Tloc           0%         N/A       100%        7
 Ozocubu's Refrigeration  Ice            0%         4d7       100%        7
 Summon Hydra             Summ           0%         N/A       100%        7
 Fulsome Fusillade        Conj/Alch      0%         (3-5)d4   100%        8
 Fire Storm               Conj/Fire      0%         5d1       100%        9


Dungeon Overview and Level Annotations

Branches:
Dungeon (13/15)            Temple (1/1) D:5            Lair (5/5) D:8
  Swamp (0/4) Lair:3        Snake (0/4) Lair:3        Slime (0/5) Lair:5
    Orc (2/2) D:9             Elf (0/3) Orc:2         Sewer (visited)
  IceCv (visited)
 Vaults: D:13-14

Altars:
Ashenzari
Cheibriados
Dithmenos
Fedhas
Gozag
Hepliaklqana
Kikubaaqudgha
Makhleb
Nemelex Xobeh
Okawaru
Qazlal
Ru
Sif Muna
Trog
Uskayaw
Vehumet
Wu Jian
Xom
Yredelemnul
Beogh
Jiyva

Shops:
D:1 (   D:6 (   D:8 *   Orc:2 :!(*

Portals:
Pandemonium: Orc:2
Trove: D:12 (show slimy rune of Zot)

Annotations:
D:5 3 runed translucent doors, scarr's ghost, amateur MDMo
D:7 2 transporters, RBrandon's ghost, novice DgHs
D:8 1 runed translucent door, Stellion's ghost, novice MDFi


Innate Abilities, Weirdness & Mutations

You have a pair of large antennae on your head. (SInv)
You have large cloven feet.
Your demonic aura causes all spilled blood to erupt in flames.
You are partially covered in sharp spines.
Your touch may inflict irresistible damage on your foes.


Message History

* * * LOW HITPOINT WARNING * * *
The centaur warrior kicks you but does no damage.
Uskayaw will force your foes to helplessly watch your dance.
Uskayaw prepares the audience for your solo!
The helpless centaur warrior fails to defend itself.
You slash the centaur warrior! You freeze the centaur warrior.
You kill the centaur warrior!
A manticore comes into view.
You hit the manticore. You freeze the manticore. You kick the manticore.
The manticore is lightly wounded.
The manticore bites you but does no damage.
The manticore claws you.
* * * LOW HITPOINT WARNING * * *
The manticore claws you.
* * * LOW HITPOINT WARNING * * *
You slash the manticore! You freeze the manticore. You kick the manticore.
The manticore is moderately wounded.
The manticore is engulfed in blazing flames.
The manticore is struck by your spines. The manticore bites you.
* * * LOW HITPOINT WARNING * * *
The manticore claws you.
* * * LOW HITPOINT WARNING * * *
The manticore claws you but does no damage.
Uskayaw will force your foes to share their pain.
You slash the manticore! You freeze the manticore.
The manticore is almost dead.
The manticore is engulfed in blazing flames.
You kill the manticore!
You hit the manticore but do no damage.
You kick the manticore, but do no damage.
The manticore is struck by your spines. The manticore bites you.
* * * LOW HITPOINT WARNING * * *
The manticore claws you but does no damage. x2
Unknown command.
You slice the manticore!! You freeze the manticore. You kick the manticore.
The manticore is severely wounded.
The manticore is engulfed in blazing flames.
The manticore bites you.
You die...
Your body falls in perfect tune with the rhythm.

.#C..#. ..# H#.#...c
...# #.#.#...# #..#
#.#.#...##..#
#.#.#...#..#
#H#.#.....######### .
#.#)#)...#.......# ## #
#.#.#○..#.......# #.
#.#@#..#.......####.
##H#.#.#.......#.... .
####.#............. . {
#.#...##.##......
####.#.###.##......
##.#.#.## #.##.[....
##.#)#÷.# #.##......
##.#.#...####.##......
##.#.#....#......#.....


You could see a manticore.

Vanquished Creatures
  A frost giant (IceCv)
  An ettin (D:13)
  5 hydras
  The ghost of ncactus the Martial Artist, a journeyman KoSh of Gozag (D:11)
  2 catoblepae (Lair:3)
  A centaur warrior (D:13)
  3 two-headed ogres
  2 demonspawn (Orc:2)
  2 boulder beetles
  11 death yaks
  8 orc high priests
  3 skysharks
  An arcanist (D:13)
  6 orc knights
  2 deep elf pyromancers
  4 ugly things
  3 meliai (D:13)
  5 orc sorcerers (Orc:2)
  6 manticores
  5 cyclopes
  4 elephants (Lair:2)
  3 kobold blastminers
  An ice statue (IceCv)
  5 black mambas
  A smoke demon (Orc:2)
  17 cane toads
  Maggie (D:7)
  A torpor snail (Lair:4)
  An unseen horror (D:11)
  2 gargoyles (D:13)
  A yaktaur (D:13)
  13 komodo dragons
  2 kobold demonologists
  2 efreet (D:13)
  10 rime drakes
  4 trolls
  A red devil (Orc:2)
  Psyche (D:12)
  A troll (shapeshifter) (D:13)
  6 hornets
  15 polar bears
  9 blink frogs
  13 dream sheep
  3 slime creatures (D:12)
  5 shadows
  12 spriggans (Lair:5)
  2 ynoxinuls
  2 wraiths
  59 yaks
  5 basilisks
  5 wyverns
  3 wargs (Orc:1)
  3 fire bats (Lair:2)
  Eustachio (D:6)
  7 vampire mosquitoes
  3 steam dragons
  A redback (D:13)
  A neqoxec (Orc:2)
  3 nagas (Lair:3)
  19 water moccasins
  4 acid dragons
  Duvessa (D:4)
  34 orc warriors
  2 ice beasts (D:7)
  4 black bears
  A laughing skull (D:13)
  4 boggarts (Lair:5)
  6 ogres
  42 wolves
  3 centaurs
  A phantom (D:7)
  6 kobold brigands
  8 bullfrogs
  A wyvern zombie (D:6)
  A cane toad simulacrum (Lair:3)
  2 gnoll sergeants
  5 scorpions
  Dowan (D:4)
  8 wights
  An elephant simulacrum (Lair:3)
  6 killer bees (D:9)
  2 electric eels (Lair:3)
  10 howler monkeys
  A centaur zombie (D:6)
  2 bombardier beetles
  7 crimson imps (D:7)
  A jelly (D:7)
  25 orc priests
  5 hounds (D:8)
  A gnoll bouda (D:7)
  2 sleepcaps
  6 iguanas
  A hell rat (Sewer)
  23 orc wizards
  2 wolf simulacra (Lair:3)
  12 gnolls
  3 adders
  2 shadow imps
  3 white imps
  4 ufetubi
  2 ribbon worms (D:2)
  2 dart slugs (D:1)
  70 orcs
  11 ball pythons
  8 endoplasms
  3 giant cockroaches (D:1)
  7 goblins
  4 hobgoblins
  4 jackals (D:1)
  4 quokkas
  3 bats
  8 frilled lizards
  32 kobolds
  14 rats
  A butterfly (Lair:3)
746 creatures vanquished.

Vanquished Creatures (others)
  An orc wizard (D:7)
  A river rat (D:8)
2 creatures vanquished.

Grand Total: 748 creatures vanquished

Notes
Turn   | Place    | Note
-------+----------+-------------------------------------------
     0 | D:1      | Orlauf the Demonspawn Gladiator began the quest for the
                  | Orb.
     0 | D:1      | Reached XP level 1. HP: 16/16 MP: 1/1
   252 | D:1      | Discovered your monstrous ancestry.
   252 | D:1      | Gained mutation: You have a pair of small antennae on your
                  | head. [demonic ancestry]
   252 | D:1      | Reached XP level 2. HP: 22/22 MP: 2/2
   514 | D:1      | Found Qikkoufy's Weapon Shop.
   520 | D:1      | Gained mutation: Your demonic aura sometimes causes spilled
                  | blood to erupt in flames. [demonic ancestry]
   520 | D:1      | Reached XP level 3. HP: 21/28 MP: 3/3
  1522 | D:3      | Found a glowing drain.
  1556 | Sewer    | Entered a sewer
  1569 | Sewer    | Gained mutation: You have large cloven feet. [demonic
                  | ancestry]
  1569 | Sewer    | Reached XP level 4. HP: 34/34 MP: 4/4
  2168 | D:3      | Gained mutation: You have a pair of antennae on your head.
                  | [demonic ancestry]
  2168 | D:3      | Reached XP level 5. HP: 41/41 MP: 5/5
  2480 | D:4      | Reached skill level 5 in Axes
  2532 | D:4      | Reached XP level 6. HP: 46/48 MP: 6/6
  3168 | D:4      | Noticed Duvessa
  3168 | D:4      | Noticed Dowan
  3173 | D:4      | Killed Duvessa
  3178 | D:4      | Killed Dowan
  3179 | D:4      | Gained mutation: You have a pair of large antennae on your
                  | head. (SInv) [demonic ancestry]
  3179 | D:4      | Reached XP level 7. HP: 37/53 MP: 7/7
  3371 | D:4      | Found a shimmering blue altar of Sif Muna.
  3405 | D:5      | Entered Level 5 of the Dungeon
  3603 | D:5      | Found a staircase to the Ecumenical Temple.
  3619 | Temple   | Entered the Ecumenical Temple
  3940 | D:5      | Reached skill level 5 in Fighting
  4034 | D:5      | Found a runed translucent gate.
  4034 | D:5      | Found a runed translucent gate.
  4034 | D:5      | Found a runed translucent gate.
  4034 | D:5      | Noticed scarr's ghost (amateur MDMo)
  4368 | D:6      | Noticed Eustachio
  4398 | D:6      | Killed Eustachio
  4501 | D:6      | Found Hiamedede's Weapon Boutique.
  4547 | D:6      | Noticed a shadow
  4552 | D:6      | Gained mutation: Your touch may inflict minor irresistible
                  | damage on your foes. [demonic ancestry]
  4552 | D:6      | Reached XP level 8. HP: 60/64 MP: 8/8
  4855 | D:6      | Found a basalt altar of Yredelemnul.
  5431 | D:7      | Found a transporter.
  5431 | D:7      | Noticed RBrandon's ghost (novice DgHs)
  5579 | D:7      | Found a transporter.
  5907 | D:7      | Reached XP level 9. HP: 64/72 MP: 9/9
  6248 | D:7      | Noticed Maggie
  6256 | D:7      | Killed Maggie
  6257 | D:7      | Reached skill level 10 in Axes
  6331 | D:8      | Noticed a two-headed ogre
  6335 | D:8      | Killed a two-headed ogre
  6385 | D:8      | Noticed a troll
  6396 | D:8      | Gained mutation: Your demonic aura often causes spilled
                  | blood to erupt in flames. [demonic ancestry]
  6396 | D:8      | Reached XP level 10. HP: 57/82 MP: 10/10
  6677 | D:8      | Found a hide-covered altar of Uskayaw.
  6678 | D:8      | Found an ancient bone altar of Kikubaaqudgha.
  6683 | D:8      | Became a worshipper of Uskayaw the Reveller
  6689 | D:8      | Found a runed translucent door.
  6690 | D:8      | Noticed an orc knight
  6690 | D:8      | Noticed Stellion's ghost (novice MDFi)
  6719 | D:8      | Found a staircase to the Lair.
  6875 | D:8      | Reached * piety under Uskayaw
  6876 | D:8      | Reached ** piety under Uskayaw
  6877 | D:8      | Reached skill level 1 in Invocations
  6903 | D:8      | Found Plog's Fire Supplies.
  6913 | D:8      | Bought a +1 hand axe of flaming for 186 gold pieces
  6997 | D:8      | Found a blossoming altar of Fedhas.
  7019 | D:8      | Found a bloodstained altar of Trog.
  7021 | D:8      | Found a broken altar of Ashenzari.
  7046 | D:8      | Found a stormy altar of Qazlal.
  7496 | D:9      | Reached *** piety under Uskayaw
  7969 | D:9      | Noticed a red ugly thing
  7997 | D:9      | Noticed a manticore
  8006 | D:9      | Reached **** piety under Uskayaw
  8007 | D:9      | Killed a red ugly thing
  8007 | D:9      | Killed a manticore
  8008 | D:9      | Reached skill level 5 in Invocations
  8008 | D:9      | Gained mutation: Your demonic aura causes all spilled blood
                  | to erupt in flames. [demonic ancestry]
  8008 | D:9      | Reached XP level 11. HP: 71/90 MP: 14/14
  8013 | D:9      | Reached ***** piety under Uskayaw
  8014 | D:9      | Reached skill level 10 in Fighting
  8554 | D:9      | Found a staircase to the Orcish Mines.
  9052 | D:10     | Entered Level 10 of the Dungeon
  9787 | D:10     | Reached skill level 1 in Armour
 10428 | Lair:1   | Entered Level 1 of the Lair of Beasts
 11166 | Lair:2   | Noticed a skyshark
 11177 | Lair:2   | Killed a skyshark
 11178 | Lair:2   | Gained mutation: You are partially covered in sharp spines.
                  | [demonic ancestry]
 11178 | Lair:2   | Reached XP level 12. HP: 65/100 MP: 17/17
 11186 | Lair:2   | Reached ****** piety under Uskayaw
 12201 | Lair:2   | Noticed a five-headed hydra
 12209 | Lair:2   | Killed a two-headed hydra
 12548 | Lair:3   | Found a frozen archway.
 12550 | Lair:3   | Noticed a death yak
 12550 | Lair:3   | Noticed a death yak
 12550 | Lair:3   | Noticed a death yak
 12559 | Lair:3   | Killed a death yak
 12559 | Lair:3   | Killed a death yak
 12561 | Lair:3   | Killed a death yak
 12562 | Lair:3   | Reached skill level 5 in Armour
 12578 | Lair:3   | Noticed a catoblepas
 12580 | IceCv    | Entered an ice cave
 12786 | IceCv    | Noticed a death yak
 12790 | IceCv    | Noticed a death yak
 12797 | IceCv    | Killed a death yak
 12801 | IceCv    | Killed a death yak
 12802 | IceCv    | Reached skill level 10 in Invocations
 12802 | IceCv    | Reached XP level 13. HP: 92/111 MP: 20/20
 13279 | IceCv    | Noticed a frost giant
 13302 | IceCv    | Killed a frost giant
 14571 | Lair:3   | Found a staircase to the Swamp.
 15094 | Lair:3   | Found a staircase to the Snake Pit.
 16491 | Lair:4   | Gained mutation: Your touch may inflict irresistible damage
                  | on your foes. [demonic ancestry]
 16491 | Lair:4   | Reached XP level 14. HP: 121/121 MP: 22/22
 16944 | Lair:5   | Entered Level 5 of the Lair of Beasts
 17201 | Lair:5   | Reached skill level 15 in Fighting
 17614 | Lair:5   | Found a staircase to the Slime Pits.
 17615 | Lair:5   | Found a viscous altar of Jiyva.
 17767 | Lair:5   | Reached skill level 15 in Axes
 18440 | Lair:5   | Identified the +6 hand cannon of Woxkit {speed, rElec
                  | Int+2}
 18445 | Lair:5   | Identified a scroll of acquirement
 18445 | Lair:5   | Acquired 1065 gold pieces
 18964 | Orc:1    | Entered Level 1 of the Orcish Mines
 19182 | Orc:2    | Entered Level 2 of the Orcish Mines
 19189 | Orc:2    | Found a staircase to the Elven Halls.
 19415 | Orc:2    | Found Ophiu's Distillery.
 19416 | Orc:2    | Found Fyer's General Store.
 20709 | Orc:2    | Bought a scroll of identify for 28 gold pieces
 20709 | Orc:2    | Bought a scroll of enchant weapon for 105 gold pieces
 21156 | Orc:2    | HP: 2/117 [orc sorcerer/bolt of negative energy (37)]
 21168 | Orc:2    | HP: 6/122 [demonspawn (11)]
 21654 | Orc:2    | Reached XP level 15. HP: 114/130 MP: 25/25
 21669 | Orc:2    | Found Willat's Antique Weapon Shop.
 21669 | Orc:2    | Found Keuthram's Book Boutique.
 21669 | Orc:2    | Found a one-way gate leading to the halls of Pandemonium.
 21988 | Orc:1    | Found a roughly hewn altar of Beogh.
 22377 | D:11     | Noticed ncactus's ghost (journeyman KoSh)
 22498 | D:11     | Found a runed translucent door.
 22886 | D:11     | Killed ncactus's ghost
 22959 | D:12     | Found a portal to a secret trove of treasure.
 23285 | D:12     | Noticed Psyche
 23291 | D:12     | Killed Psyche
 24081 | D:13     | Got the Compendium of Niveous Fever
 25875 | D:13     | HP: 5/131 [manticore (6)]
 25877 | D:13     | HP: 2/131 [manticore (4)]
 25878 | D:13     | Slain by a manticore

Illustrated notes

Levels and vault maps discovered:
D:1:      tekkud_arrival_beachfront_property, layout_loops_ring, serial_shops,
          nicolae_shop_bloodbath_and_beyond
D:2:      kennysheep_six_static_rooms, layout_rooms, glass_columns_a,
          minmay_tall_x
D:3:      layout_basic, mainiacjoe_sewer_entry_somewhere_in_here_1,
          dreamdust_mushroom_princess
D:4:      layout_loops_corners, kennysheep_little_box, uniq_duvessa
D:5:      layout_basic, minmay_temple_entry_arrows, gammafunk_ghost_necromancy
D:6:      layout_basic, lemuel_zombie_altar_yredelemnul, serial_shops, shop,
          chequers_serial_rivers_micro_c, uniq_eustachio
D:7:      layout_loops_cross, gammafunk_ghost_arena, minivault_19,
          minmay_nine_imps, uniq_maggie
D:8:      layout_loops_ring, nicolae_overflow_two_pavilions,
          nicolae_overflow_hidden_temple, erik_lair_island, serial_glass,
          glass_columns_c, glass_columns_b, feat_on_display,
          due_unseen_surprise, minmay_strange_pillars, feat_on_display,
          ebering_ghost_inner_flame, nicolae_shop_fire_sale
          [nicolae_sub_dead_trees]
D:9:      cheibrodos_fzero, layout_layer_cave, orc_0_dummy
D:10:     layout_cave_pods
D:11:     layout_small_grid, hellmonk_ghost_big_iron
D:12:     layout_small_grid, nicolae_trove_entry_isolated,
          dreamdust_princess_bridge, uniq_psyche
D:13:     evilmike_diamond_2, layout_rooms, kennysheep_nondescript
Temple:   eino_narrow_crystal_temple
Lair:1:   layout_concentric_octagons
Lair:2:   layout_gridlike, cheibrodos_lair_lostbears
Lair:3:   layout_cave_shapes, minmay_swamp_entry_reptiles,
          guppyfry_snake_entry_garden, portal_ice_cave_entry_ice_simulacra,
          nicolae_quartered_pool_super, grunt_megastairs_4,
          serial_bayou_shore_b, lemuel_fruit_fields,
          infiniplex_staircase_pool_2, lemuel_fruit_fields
Lair:4:   layout_misc_corridors, roderic_carrion_pond, beast_lair_carwin_8,
          grunt_megastairs_1
Lair:5:   minmay_lair_end_enchanted_forest, layout_layer_cave, slime_entry_1,
          st_stairs_8
Orc:1:    layout_caves, mines2_david
Orc:2:    pf_orc_diabolical, layout_caves, nicolae_orc_rockfall

Skill      XL: |  1  2  3  4  5  6  7  8  9 10 11 12 13 14 15 |
---------------+----------------------------------------------+-----
Axes           | 3 4 5 6 7 9 11 12 13 14 15 16 | 16.7
Fighting       | 3 4 5 7 8 9 11 13 14 16 | 16.2
Invocations    | 5 7 10 11 13 14 | 14.7
Armour         | 3 5 7 8 9 |  9.6
Throwing       | |  1.7
Dodging        | |  2.6

Action                     |  1- 3 |  4- 6 |  7- 9 | 10-12 | 13-15 || total
---------------------------+-------+-------+-------+-------+-------++-------
  Melee: War axe           |   138 |     1 |   155 |    40 |       ||   334
         Hand axe          |     5 |   104 |    56 |     5 |    17 ||   187
         Kick              |       |    28 |    63 |   111 |   245 ||   447
         Touch             |       |       |    29 |     9 |    10 ||    48
         Battleaxe         |       |       |       |   303 |   518 ||   821
         Executioner's axe |       |       |       |       |   162 ||   162
  Throw: Throwing net      |       |       |     2 |     1 |       ||     3
         Dart              |       |       |       |     7 |       ||     7
 Invoke: Grand Finale      |       |       |       |       |     3 ||     3
  Evoke: Wand              |       |       |       |     6 |    17 ||    23
         Lightning rod     |       |       |       |     3 |     1 ||     4
    Use: Scroll            |     7 |     5 |     2 |     7 |     9 ||    30
         Potion            |       |       |       |     7 |    17 ||    24
   Stab: Sleeping          |     1 |       |       |       |       ||     1
         Held in net/web   |       |       |     1 |       |       ||     1
         Paralysed         |       |       |       |    30 |    87 ||   117
         Distracted        |       |       |       |       |     1 ||     1
 Armour: Leather armour    |    52 |       |       |       |       ||    52
         Scale mail        |    57 |    65 |    20 |       |       ||   142
         Plate armour      |       |       |   221 |   468 |   853 ||  1542
         Skin              |       |       |     1 |    17 |       ||    18
  Dodge: Dodged            |    82 |    34 |    56 |   100 |   216 ||   488

Table legend: (Time is in decaauts)
 A = Elapsed time spent in this place.
 B = Non-inter-level travel time spent in this place.
 C = Inter-level travel time spent in this place.
 D = Time resting spent in this place.
 E = Time spent auto-exploring this place.
 F = Levels seen in this place.
 G = Mean time per level.
                   A        B        C        D        E       F      G
               +--------+--------+--------+--------+--------+-----+--------+
         Total |  26318 |  25423 |    895 |   4955 |  16367 |  23 | 1144.3 |
       Dungeon |  14382 |  13865 |    517 |   1847 |   9848 |  13 | 1106.3 |
        Temple |      1 |      1 |      0 |      0 |      0 |   1 |    1.0 |
          Lair |   7051 |   6773 |    278 |    995 |   4831 |   5 | 1410.2 |
  Orcish Mines |   3223 |   3124 |     99 |   1461 |   1115 |   2 | 1611.5 |
         Sewer |    129 |    129 |      0 |      0 |     47 |   1 |  129.0 |
      Ice Cave |   1529 |   1529 |      0 |    652 |    526 |   1 | 1529.0 |
               +--------+--------+--------+--------+--------+-----+--------+

Top non-repeatable levels by time:
   Orc:2: 2415 daAuts
     D:9: 1989 daAuts
  Lair:5: 1878 daAuts
    D:13: 1831 daAuts
  Lair:3: 1639 daAuts
   IceCv: 1529 daAuts
  Lair:2: 1419 daAuts
    D:10: 1416 daAuts
  Lair:4: 1308 daAuts
     D:4: 1217 daAuts
    D:12: 1097 daAuts
     D:8: 1078 daAuts
     D:7: 1059 daAuts
     D:6: 1033 daAuts
     D:5: 849 daAuts
